 Dungeon Crawl Stone Soup version 0.17-a0-1738-g82cdc46 (console) character file.

1301 utis the Cutter (level 8, -4/58 HPs)
             Began as a Vampire Wizard on Aug 30, 2015.
             Killed from afar by an orc wizard (8 damage)
             ... with a magic dart
             ... on level 7 of the Dungeon.
             The game lasted 00:28:33 (10861 turns).

utis the Cutter (Vampire Wizard)                   Turns: 10861, Time: 00:28:33

Health: -4/58      AC:  5    Str:  8    XL:     8   Next: 31%
Magic:  24/24      EV: 14    Int: 21    God:
Gold:   403        SH:  0    Dex: 12    Spells: 7 memorised, 2 levels left

rFire  . . .     SeeInvis +     a - +0 rapier
rCold  + + .     Clarity  .     D - +0 robe
rNeg   + + +     SustAt   .     (no shield)
rPois  ∞         Gourm    .     b - +1 hat
rElec  .         Spirit   .     (no cloak)
rCorr  .         Warding  .     k - +1 pair of gloves
rMut   .         Stasis   .     (no boots)
MR     .....                    (no amulet)
Stlth  ++++......               x - ring of stealth
                                C - ring of magical power

@: bloodless, non-regenerating, slowed, repel missiles, very slow, not resistant
to hostile enchantments, stealthy
A: fangs 3, see invisible, unbreathing
a: Bat Form


You were on level 7 of the Dungeon.
You were bloodless.

You visited 1 branch of the dungeon, and saw 7 of its levels.

You collected 403 gold pieces.

Inventory:

Hand weapons
 a - a +0 rapier (weapon)
 g - a +0 club
 o - a +1 short sword
 J - a +0 trident
Missiles
 d - 13 sling bullets
 f - 292 stones (quivered)
 j - 3 poisoned javelins
 s - 8 sling bullets of flame
 y - 4 javelins
 G - 12 poisoned sling bullets
 K - 3 tomahawks
 N - 14 poisoned needles
Armour
 b - a +1 hat (worn)
 k - a +1 pair of gloves (worn)
 D - a +0 robe (worn)
 I - a +0 leather armour
Magical staves
 L - an uncursed staff of fire
 O - an uncursed staff of summoning {!a}
Jewellery
 t - an uncursed ring of ice
 x - a ring of stealth (right hand)
 C - a ring of magical power (left hand)
 H - an uncursed ring of protection from magic
Magical devices
 l - a wand of digging (16)
 F - a wand of random effects (31)
Scrolls
 e - a scroll of remove curse
 h - 3 scrolls of teleportation {!r}
 m - a scroll of immolation {unknown}
 n - 2 scrolls of amnesia
 p - a scroll of blinking {!r}
 u - a scroll of recharging {unknown}
 v - a scroll of random uselessness {unknown}
 z - 3 scrolls of fear {!r}
 A - a scroll of silence {unknown}
 B - a scroll of brand weapon {unknown}
 E - a scroll of noise {unknown}
Potions
 i - a potion of cancellation
 q - 5 potions of curing
 r - a potion of flight {unknown}
 w - 2 potions of heal wounds
 M - a potion of beneficial mutation {unknown}
Books
 c - a book of Minor Magic

   Spells                             Type                      Level
   a - Magic Dart                     Conjuration                  1
   b - Blink                          Translocation                2
   c - Call Imp                       Summoning                    2
   d - Repel Missiles                 Charms/Air                   2
   e - Slow                           Hexes                        2
   f - Conjure Flame                  Conjuration/Fire             3
   g - Mephitic Cloud                 Conjuration/Poison/Air       3


   Skills:
 + Level 3.3 Fighting
 + Level 5.9 Short Blades
 + Level 4.5 Dodging
 + Level 3.1 Stealth
 - Level 5.1 Spellcasting
 - Level 2.1 Conjurations
 - Level 3.5 Hexes
 - Level 1.0 Summonings
 - Level 0.7 Translocations
 - Level 0.1 Fire Magic
 - Level 1.1 Air Magic
 - Level 0.6 Poison Magic


You had 2 spell levels left.
You knew the following spells:

 Your Spells              Type           Power        Failure   Level  Hunger
a - Magic Dart            Conj           ##..         6%          1    None
b - Call Imp              Summ           #.......     12%         2    None
d - Conjure Flame         Conj/Fire      ##......     24%         3    ##.....
r - Repel Missiles        Chrm/Air       #.....       14%         2    None
v - Blink                 Tloc           N/A          12%         2    None
C - Mephitic Cloud        Conj/Pois/Air  ##......     21%         3    ##.....
Z - Slow                  Hex            ###.....     4%          2    None


Dungeon Overview and Level Annotations

Branches:
Dungeon (7/15)
 Temple: D:4-7

Altars:
Dithmenos
Elyvilon
Kikubaaqudgha
Okawaru
Qazlal
Ru
Trog
Xom
Yredelemnul

Shops:
D:4 =


Innate Abilities, Weirdness & Mutations

You do not heal naturally.
You are immune to poison.
You have razor-sharp teeth.
You have supernaturally acute eyesight.
You can survive without breathing.


Message History

Casting: Repel Missiles
Confirm with . or Enter, or press ? or * to list all spells.
Aiming: Magic Dart
Press: ? - help, Shift-Dir - straight line, f - orc wizard
Aim: an orc wizard, wielding a dagger and wearing a robe (hasn't noticed you)
The magic dart hits the orc wizard.
The orc wizard is lightly wounded.
The orc wizard shouts!
Casting: Magic Dart
Confirm with . or Enter, or press ? or * to list all spells.
You can't see any susceptible monsters within range! (Use Z to cast anyway.) Unknown command.
Unknown command.
The orc wizard gestures wildly while chanting.
The orc wizard blinks!
The orc wizard gestures at you while chanting.
You feel yourself slow down.
The orc wizard points at you and mumbles some strange words.
The magic dart hits you!
You die...

▓▓▓ ▓▓ ..▓ ▓▓▓▓▓▓▓▓▓▓▓▓▓▓▓▓▓▓▓▓▓.
..▓ ▓........▓............
..▓▓▓▓▓▓▓▓▓▓........▓.▓▓▓▓▓▓▓▓▓▓▓
..'........'........'............
..▓▓▓▓▓▓▓▓▓▓....V...▓.▓.▓.▓.▓▓▓▓▓
..▓ ▓........▓.▓<▓.▓.▓ ..▓
▓........▓.▓▓▓.▓.▓ .<▓
▓........▓.. ..▓.. ..▓
▓o.......▓▓▓ ▓▓▓▓▓ ..▓
........▓▓▓▓▓▓▓▓ ▓▓▓▓▓........▓
....▓........▓ ▓▓▓.▓........▓


You could see an orc wizard.

Vanquished Creatures
  A centaur (D:5)
  2 giant frogs (D:6)
  3 scorpions
  3 killer bees (D:6)
  A giant frog zombie (D:5)
  A centaur skeleton (D:7)
  2 iguanas
  A centaur zombie (D:5)
  An orc priest (D:5)
  5 orc wizards
  2 hounds (D:5)
  6 worker ants
  A worker ant zombie (D:6)
  12 adders
  2 oozes
  2 adder skeletons
  2 worms
  6 giant geckos
  12 orcs
  4 ball pythons
  10 giant cockroaches
  3 goblins
  7 hobgoblins
  15 jackals
  3 bats
  A giant cockroach zombie (D:6)
  9 giant newts
  A jackal skeleton (D:5)
  10 kobolds
  A quokka (D:4)
  A quokka skeleton (D:6)
  9 rats
  A spectral orc (D:3)
140 creatures vanquished.

Vanquished Creatures (collateral kills)
  A crimson imp (D:5)
  A worker ant zombie (D:5)
2 creatures vanquished.

Grand Total: 142 creatures vanquished

Notes
Turn   | Place    | Note
--------------------------------------------------------------
     0 | D:1      | utis the Vampire Wizard began the quest for the Orb.
     0 | D:1      | Reached XP level 1. HP: 13/13 MP: 4/4
   371 | D:1      | Reached skill level 1 in Conjurations
   775 | D:1      | Reached XP level 2. HP: 17/19 MP: 1/6
   828 | D:1      | Learned a level 2 spell: Call Imp
  1665 | D:2      | Reached XP level 3. HP: 24/24 MP: 4/7
  1713 | D:2      | Learned a level 3 spell: Mephitic Cloud
  1768 | D:2      | Found a sacrificial altar of Ru.
  2023 | D:2      | Reached skill level 1 in Air Magic
  2215 | D:2      | Reached XP level 4. HP: 30/30 MP: 2/9
  2290 | D:2      | Learned a level 3 spell: Conjure Flame
  2456 | D:2      | Found a bloodstained altar of Trog.
  2717 | D:3      | Found an ancient bone altar of Kikubaaqudgha.
  3019 | D:3      | Reached skill level 1 in Short Blades
  3531 | D:3      | Found a basalt altar of Yredelemnul.
  3992 | D:4      | Found a shimmering altar of Xom.
  4093 | D:4      | Reached XP level 5. HP: 36/36 MP: 7/10
  4187 | D:4      | Reached skill level 1 in Fighting
  4598 | D:4      | Reached XP level 6. HP: 38/43 MP: 1/11
  4681 | D:4      | Learned a level 2 spell: Repel Missiles
  4711 | D:4      | Found Oruaben's Jewellery Boutique.
  5127 | D:4      | Found a white marble altar of Elyvilon.
  5503 | D:5      | Entered Level 5 of the Dungeon
  5671 | D:5      | Reached skill level 4 in Short Blades
  6049 | D:5      | Reached XP level 7. HP: 41/51 MP: 8/12
  6660 | D:5      | Reached skill level 5 in Short Blades
  7140 | D:4      | Learned a level 2 spell: Blink
  7608 | D:5      | Found a stormy altar of Qazlal.
  7620 | D:5      | Found an iron altar of Okawaru.
  8356 | D:6      | Found a shadowy altar of Dithmenos.
  8626 | D:6      | Reached skill level 5 in Spellcasting
  8626 | D:6      | Reached XP level 8. HP: 53/57 MP: 2/15
  8630 | D:6      | Learned a level 2 spell: Slow
  8948 | D:6      | Reached skill level 1 in Hexes
 10861 | D:7      | Killed from afar by an orc wizard

Vault maps used:
D:1:      dpeg_arrival_simpleton_b, roderic_curled_sauvastika, minivault_14,
          minmay_misc_feat_more_columns
D:2:      lightli_temple_of_fire, old_standard_altar
D:3:      kiku_gazebo_pond_becter, yredelemnul_forgotten_temple_becter,
          first_bread
D:4:      lemuel_crystal_altar, xom_teletrap_fun, serial_shops,
          nicolae_shop_stone
D:5:      lemuel_crystal_altar, nicolae_qazlal_general_emergency
D:6:      overflow_temple_1_default, interstate_on_off
D:7:      statuecave_lemuel, minmay_temple_entry_trees

Action                   |  1- 3 |  4- 6 |  7- 9 || total
-------------------------+-------+-------+-------++-------
Melee: Club              |    30 |       |       ||    30
       Unarmed           |     3 |       |       ||     3
       Short sword       |    15 |   227 |   108 ||   350
       Rapier            |       |       |   133 ||   133
Throw: Stone             |       |     7 |    25 ||    32
 Cast: Magic Dart        |    82 |    70 |    31 ||   183
       Mephitic Cloud    |     3 |    13 |    11 ||    27
       Call Imp          |       |     3 |     3 ||     6
       Repel Missiles    |       |     1 |     1 ||     2
       Conjure Flame     |       |       |     3 ||     3
       Slow              |       |       |     2 ||     2
  Use: Scroll            |     5 |     2 |     7 ||    14
       Potion            |     2 |     5 |     4 ||    11
 Stab: Confused          |     1 |     7 |     9 ||    17
       Sleeping          |       |     2 |     2 ||     4
       Distracted        |       |       |     1 ||     1
  Eat: Corpse            |     2 |     5 |     6 ||    13
